[Event "Live Chess"]
[Site "Chess.com"]
[Date "2024.06.01"]
[Round "-"]
[White "Tyslcab"]
[Black "ShanthamGrarks"]
[Result "0-1"]
[WhiteElo "1410"]
[BlackElo "1818"]
[TimeControl "300"]
[EndTime "13:29:37 PDT"]
[Termination "ShanthamGrarks won on time"]

1. e4 e5 2. Nf3 d5 3. exd5 Bd6 4. Nc3 Nf6 5. d3 Bg4 6. Be2 Nbd7 7. h3 Bh5 8. g4 Bg6 9. Nh4 Qe7 10. Nxg6 hxg6 11. Bg5 O-O-O 12. Qd2 Bb4 13. O-O-O Qd6 14. a3 Bxc3 15. Qxc3 Nxd5 16. Qa5 f6 17. Qxa7 fxg5 18. Qa8+ Nb8 19. Bf3 Qa6 20. Qxa6 Nxa6 21. Bg2 Nf4 22.
Be4 Nxh3 23. Bxg6 Nxf2 24. Rxh8 Rxh8 25. Rf1 Rh2 26. Bf5+ Kd8 27. b4 c6 28. Re1 Rh1 29. Rxh1 Nxh1 30. Kd2 Ng3 31. Bg6 Nc7 32. Ke3 Nd5+ 33.
Kf2 Ne7 34. Bh7 Nh1+ 35. Kg2 g6 36. Kxh1 Ke8 37. Kg2 Kf8 38. Kf3 Kg7 39. Ke4 Kf6 40. c4 b6 41. a4 Kg7 42. Kxe5 Kxh7 43. a5 bxa5 44. bxa5 Nc8 45. d4 Kg7 46. d5 cxd5 47.
Kxd5 Kf7 48. a6 Ke7 49. Kc6 Kd8 50. Kb7 Nd6+ 51. Kb8 Nxc4 52. a7 Nb6 53. Kb7 Nd7 54.
a8=Q+ Ke7 55. Qa3+ Kf6 56. Qd6+ Kg7 57. Qxd7+ Kh6 58.
Qd1 Kg7 59. Qd5 Kf6 60. Kc7 Ke7 61.
Qd6+ Kf7 62. Kd8 Kg7 63. Qe6 Kh6 64. Ke8 Kg7 65. Qf7+ Kh6 0-1

[Event "Live Chess"]
[Site "Chess.com"]
[Date "2024.06.01"]
[Round "-"]
[White "MagnersCarlsberg2870"]
[Black "Frankie_Badacsonyi"]
[Result "0-1"]
[WhiteElo "1799"]
[BlackElo "2440"]
[TimeControl "300"]
[EndTime "13:29:37 PDT"]
[Termination "Frankie_Badacsonyi won by resignation"]

1. e4 e6 2. d3 d5 3. Nd2 Nf6 4. Ngf3 b6 5. g3 Bb7 6. Bg2 Nc6 7. O-O Qe7 8. Re1 O-O-O 9. a4 dxe4 10. dxe4 Kb8 11. e5 Nd7 12. a5 Nxa5 13. Rxa5 bxa5 14.
Qe2 Nc5 15. Nb3 Nxb3 16. cxb3 h6 17. Qb5 Qb4 18. Qe2 Bc5 19. Bd2 Qb6 20. Ra1 Bb4 21.
Be3 c5 22. Ne1 Bxg2 23. Kxg2 Rd7 24. Nc2 Rhd8 25. Nxb4 axb4 26. Ra6 Qb7+ 27. Kh3 Rc8 28. Ra5 Qd5 29. Qb5+ Rb7 30. Qa6 Rc6 31. Qe2 g5 32. Qh5 Rc8 33. Qxh6 Qxe5 34. Kg2 Qd5+ 35. Kh3 Qf5+ 36.
Kg2 g4 37. Bf4+ Ka8 38. Bd6 Qd5+ 0-1

[Event "Live Chess"]
[Site "Chess.com"]
[Date "2024.06.01"]
[Round "-"]
[White "JohanKjeldahl"]
[Black "IanCalvert2"]
[Result "1-0"]
[WhiteElo "1862"]
[BlackElo "1583"]
[TimeControl "300"]
[EndTime "13:29:48 PDT"]
[Termination "JohanKjeldahl won by resignation"]

1. c4 Nf6 2. Nc3 d5 3. cxd5 Nxd5 4. e4 Nb4 5. Nf3 Nd3+ 6. Bxd3 Qxd3 7. Qe2 Qxe2+ 8.
Kxe2 c6 9. d4 Bg4 10. h3 Bh5 11. Bf4 e6 12. g4 Bg6 13. Ne5 Nd7 14. Nxg6 hxg6 15. a3 Be7 16. Be3 Rh4 17. f4 O-O-O 18. Bf2 Rhh8 19. Kf3 g5 20. f5 exf5 21. exf5 f6 22.
Rad1 Nb6 23. h4 gxh4 24. Rxh4 Rxh4 25. Bxh4 Nd5 26. Nxd5 Rxd5 27. Ke4 Kd7 28. Bg3 Bd6 29. Bxd6 Kxd6 30. Rh1 c5 31. dxc5+ Rxc5 32. Rd1+ Ke7 33.
Rd3 Re5+ 34. Kf4 Re1 35. Rb3 b6 36. Rb4 Rf1+ 37. Ke3 Re1+ 38. Kf2 Re5 39. Kf3 Re1 40. Re4+ Rxe4 41. Kxe4 Kd6 42. Kd4 a5 43. a4 Kc6 44.
Kc4 Kc7 45. Kb5 Kb7 46. b3 Kc7 47. Ka6 Kc6 48. Ka7 b5 49. Ka6 bxa4 50. bxa4 Kc5 51. Kxa5 Kc6 52. Kb4 Kb6 53. a5+ Ka6 54. Kc5 Kxa5 55.
Kd6 Kb5 56. Ke6 Kc5 57. Kf7 Kd5 58. Kxg7 Ke5 59. Kg6 1-0

[Event "Live Chess"]
[Site "Chess.com"]
[Date "2024.06.01"]
[Round "-"]
[White "KGreenGator"]
[Black "dhairyapandyauk"]
[Result "0-1"]
[WhiteElo "1761"]
[BlackElo "1678"]
[TimeControl "300"]
[EndTime "13:30:08 PDT"]
[Termination "dhairyapandyauk won by resignation"]

1. c4 Nf6 2. d4 e6 3. Nc3 Bb4 4. Bd2 b6 5. Nf3 Bxc3 6. Bxc3 Ne4 7. Qd3 Bb7 8. e3 d6 9. Be2 Nd7 10. O-O f5 11. d5 e5 12. b3 O-O 13. Nd2 Nxc3 14.
Qxc3 f4 15. exf4 Rxf4 16. Bf3 Qg5 17. g3 Raf8 18. Kg2 Rd4 19. Ne4 Qf5 20. Rfe1 Nf6 21. Nxf6+ Rxf6 22. Qe3 Rd3 23. Qe4 Qxf3+ 24. Qxf3 Rdxf3 25.
Re2 Bc8 26. h3 h5 27. Rb2 g5 28. a4 a5 29. Rab1 Ba6 30. Rc2 Bc8 31. Rd2 Bf5 32. Rbb2 Be4 33. Kg1 Rc3 34. Rd1 h4 35. Kh2 Rxf2+ 36.
Rxf2 hxg3+ 37. Kg1 gxf2+ 38. Kxf2 Rxh3 39. Rg1 Rf3+ 40. Ke2 Rf5 41. Ke3 Bc2 42. b4 axb4 43. Rg2 b3 44.
Kd2 e4 45. Kc3 e3 46. Kb2 Rf2 47. Rxg5+ Kf7 48. Rh5 Bg6+ 0-1

[Event "Live Chess"]
[Site "Chess.com"]
[Date "2024.06.01"]
[Round "-"]
[White "Kyrylo7770"]
[Black "wadsy27"]
[Result "0-1"]
[WhiteElo "1642"]
[BlackElo "2547"]
[TimeControl "300"]
[EndTime "13:30:10 PDT"]
[Termination "wadsy27 won by resignation"]

1. d4 Nf6 2. Nf3 e6 3. Bg5 h6 4. Bh4 d5 5. e3 Be7 6. c4 c6 7.
Nc3 O-O 8. Bd3 dxc4 9. Bxc4 b5 10. Bb3 a6 11. Bc2 c5 12. b3 Nc6 13. d5 Nb4 14. Rb1 Nfxd5 15. Bxe7 Qxe7 16. a3 Nxc3 17. Qd2 Nxb1 18.
Bxb1 Rd8 19. Qb2 Nd3+ 20. Bxd3 Rxd3 21. O-O Bb7 22. Ne5 Rd5 23. Ng4 Rad8 24. b4 c4 25. Qc3 Rd1 26. g3 h5 27. Ne5 Qf6 28. f4 Qf5 29.
Rxd1 Rxd1+ 30. Kf2 Qh3 0-1

[Event "Live Chess"]
[Site "Chess.com"]
[Date "2024.06.01"]
[Round "-"]
[White "jimwad"]
[Black "Stanbad1"]
[Result "0-1"]
[WhiteElo "1279"]
[BlackElo "2652"]
[TimeControl "300"]
[EndTime "13:30:40 PDT"]
[Termination "Stanbad1 won by resignation"]

1. d4 Nf6 2. c4 g6 3. Nc3 Bg7 4. e3 d6 5. Nf3 O-O 6. Bd3 c5 7. d5 a6 8. a3 b5 9. b3 Nxd5 10. cxd5 Bxc3+ 11. Bd2 Bxa1 12. Qxa1 Nd7 13. O-O Nf6 14.
Bc3 Bb7 15. e4 Re8 16. Re1 Rc8 17. e5 Nxd5 18. exd6 Nxc3 19. Qxc3 exd6 20. Rxe8+ Qxe8 21. Qf6 Bxf3 22. Qxf3 c4 23. Bf1 c3 0-1

[Event "Live Chess"]
[Site "Chess.com"]
[Date "2024.06.01"]
[Round "-"]
[White "agamilewska"]
[Black "Duke_of_Bebington"]
[Result "1/2-1/2"]
[WhiteElo "1768"]
[BlackElo "1617"]
[TimeControl "300"]
[EndTime "13:30:43 PDT"]
[Termination "Game drawn by agreement"]

1. d4 d5 2. c4 c6 3. e3 Nf6 4. Nc3 Bf5 5. Nf3 e6 6. c5 Nbd7 7. a3 b6 8. b4 a5 9. Bb2 bxc5 10. bxc5 Ne4 11. Nxe4 Bxe4 12. Bd3 f5 13. O-O Be7 14.
Bxe4 fxe4 15. Ne5 Nxe5 16. dxe5 Bxc5 17. Bd4 Bxd4 18. exd4 O-O 19. Qa4 Qb6 20. Rac1 Rac8 21. Rc5 Rc7 22. Qxa5 Rb8 23. Qxb6 Rxb6 24. h3 Ra7 25.
Ra1 Rba6 26. Rc3 Kf7 27. g4 Ke7 28. Kg2 Kd7 29. Kg3 Ra4 30. Kf4 Rxd4 31. Ke3 Rda4 32. h4 R7a5 33. Rb3 Kc7 34. g5 g6 35. Kd2 c5 36. Kc2 c4 37. Rh3 d4 38. h5 Rxe5 39. hxg6 hxg6 40. Rh7+ Kc6 41. Rb1 d3+ 42. Kc3 Rxa3+ 43.
Kxc4 Rc5+ 44. Kd4 Ra4+ 45. Ke3 Rb5 46. Rc1+ Kd6 47. Rcc7 Ke5 48. f4+ exf3 49. Kxf3 d2 50. Ke2 Rd5 51. Rh1 Re4+ 52. Kd1 Ra4 53. Kc2 Ra2+ 54.
Kb1 d1=Q+ 55. Rxd1 Rxd1+ 56. Kxa2 Kf5 57. Rc5+ e5 58. Kb3 Re1 59. Kc2 Re4 60. Kd3 Rd4+ 61. Ke3 Re4+ 62. Kf3 Rf4+ 63. Ke3 Re4+ 1/2-1/2

[Event "Live Chess"]
[Site "Chess.com"]
[Date "2024.06.01"]
[Round "-"]
[White "Delacorta"]
[Black "CCGoodKnightRookie"]
[Result "0-1"]
[WhiteElo "1565"]
[BlackElo "2271"]
[TimeControl "300"]
[EndTime "13:31:02 PDT"]
[Termination "CCGoodKnightRookie won by resignation"]

1. d4 d5 2. Nf3 c5 3. e3 Nc6 4. Bd3 Bg4 5. Nbd2 e6 6. O-O Bd6 7.
b3 cxd4 8. exd4 Nxd4 9. Be2 Nxe2+ 10. Qxe2 Nf6 11. Bb2 O-O 12. Rad1 e5 13. h3 Bh5 14. g4 Nxg4 15. hxg4 Bxg4 16. Qb5 e4 17. Nxe4 dxe4 18. Rxd6 Qxd6 19. Qg5 Qg6 0-1

[Event "Live Chess"]
[Site "Chess.com"]
[Date "2024.06.01"]
[Round "-"]
[White "Enhard"]
[Black "BostonStrangler"]
[Result "0-1"]
[WhiteElo "1434"]
[BlackElo "2144"]
[TimeControl "300"]
[EndTime "13:31:17 PDT"]
[Termination "BostonStrangler won by checkmate"]

1. d4 Nf6 2. Bg5 Ne4 3. Bf4 Nc6 4. c3 d6 5. f3 Nf6 6. Bg5 e5 7. e3 h6 8. Bxf6 Qxf6 9. Ne2 Be7 10. Ng3 O-O 11.
d5 Nd8 12. e4 Qg6 13. Be2 Bh4 14. O-O Bxg3 15. hxg3 Qxg3 16. Nd2 f5 17. exf5 Bxf5 18. Ne4 Bxe4 19. fxe4 Rxf1+ 20. Qxf1 Nf7 21. Bf3 Ng5 22. Qe2 Rf8 23. Rf1 Nh3+ 24. Kh1 Nf4 25. Qd2 Rf6 26. c4 Rg6 27. Rg1 Qh4# 0-1

[Event "Live Chess"]
[Site "Chess.com"]
[Date "2024.06.01"]
[Round "-"]
[White "nigelst"]
[Black "nitrofish07"]
[Result "0-1"]
[WhiteElo "1657"]
[BlackElo "2096"]
[TimeControl "300"]
[EndTime "13:31:29 PDT"]
[Termination "nitrofish07 won on time"]

1. e4 c5 2. Nf3 d6 3. Bb5+ Bd7 4. Bxd7+ Qxd7 5. O-O Nf6 6. Qe2 Nc6 7. c3 e5 8. Rd1 g6 9. d4 cxd4 10. cxd4 Qc7 11.
dxe5 dxe5 12. Nc3 Bg7 13. Bg5 O-O 14. Bxf6 Bxf6 15. Nd5 Qd8 16. Nb4 Qc7 17. Rac1 Bg7 18. Qc4 Rfd8 19. Nd5 Qa5 20. b4 Qa4 21. b5 Qxc4 22.
Rxc4 Nd4 23. Nxd4 exd4 24. Rc7 b6 25. f4 f5 26. Ne7+ Kh8 27. e5 Bf8 28. Nc6 Rdc8 29. Rxc8 Rxc8 30. Kf1 a6 31. Rxd4 axb5 32. Na7 Ra8 33.
Nxb5 Rxa2 34. Rd8 Kg7 35. Nc7 Bc5 36. Ne6+ Kf7 37. Nxc5 bxc5 38. Rc8 Ra1+ 39. Kf2 Ra2+ 40. Kf3 Ra3+ 41. Kf2 Ra2+ 42. Kf3 Rc2 43. Rc7+ Kg8 44. e6 Rc3+ 45. Ke2 Rc4 46. Kd3 Rxf4 47. Rxc5 Re4 48.
Rc6 Kf8 49. h3 h5 50. e7+ Kxe7 51.
Rxg6 Ra4 52. Rg5 Ra3+ 53. Kd4 Kf6 54. Rxh5 Rg3 55. Rh8 Rxg2 56. h4 Rh2 57. Kd5 f4 58. Kd6 Kf5 59. Kd5 f3 60. Rf8+ Kg4 61. Rg8+ Kxh4 62.
Rh8+ Kg3 63. Rg8+ Kf2 64. Ke4 Rh4+ 65. Kd3 Rh6 66. Rf8 Re6 67. Re8 Rxe8 68. Kd4 Ke2 69.
Kd5 f2 70. Kd6 f1=Q 0-1

[Event "Live Chess"]
[Site "Chess.com"]
[Date "2024.06.01"]
[Round "-"]
[White "wadsy27"]
[Black "LL220284LL"]
[Result "0-1"]
[WhiteElo "2539"]
[BlackElo "2560"]
[TimeControl "300"]
[EndTime "13:31:29 PDT"]
[Termination "LL220284LL won by resignation"]

1. d4 Nf6 2. c4 e6 3. g3 d5 4. Nf3 dxc4 5. Bg2 Bb4+ 6. Bd2 a5 7.
a3 Bxd2+ 8. Nbxd2 b5 9. b3 cxb3 10. Qxb3 Qd5 11. Ne5 Qxg2 0-1

[Event "Live Chess"]
[Site "Chess.com"]
[Date "2024.06.01"]
[Round "-"]
[White "Bradfield133"]
[Black "KeithArkell"]
[Result "0-1"]
[WhiteElo "1907"]
[BlackElo "2453"]
[TimeControl "300"]
[EndTime "13:31:36 PDT"]
[Termination "KeithArkell won by resignation"]

1. c4 c5 2. g3 Nc6 3. Bg2 g6 4. Nc3 Bg7 5. e4 e6 6. Nge2 Nge7 7. O-O O-O 8. d3 a6 9. f4 b5 10. cxb5 axb5 11. Nxb5 Ba6 12. Na3 Nb4 13. e5 Nxd3 14.
Bxa8 Qxa8 15. Be3 Nf5 16. Bxc5 Nxc5 17. Nd4 Ne3 0-1

[Event "Live Chess"]
[Site "Chess.com"]
[Date "2024.06.01"]
[Round "-"]
[White "MaksymYurii"]
[Black "Sweet-O"]
[Result "0-1"]
[WhiteElo "947"]
[BlackElo "1546"]
[TimeControl "300"]
[EndTime "13:31:38 PDT"]
[Termination "Sweet-O won by checkmate"]

1. e4 e5 2. Nf3 Nf6 3. Bc4 Bc5 4.
O-O O-O 5. Nc3 d6 6. d3 Bg4 7. h3 Bh5 8. Bg5 h6 9. Bxh6 gxh6 10. g4 Nxg4 11. hxg4 Bxg4 12. Nh2 Bxd1 13. Kh1 Bxc2 14. Nd5 Ba4 15. Ng4 Qh4+ 16. Kg1 Qxg4+ 17. Kh1 Qh3+ 18. Kg1 Kh7 19. Rae1 Rg8# 0-1

[Event "Live Chess"]
[Site "Chess.com"]
[Date "2024.06.01"]
[Round "-"]
[White "grillage"]
[Black "blunderabit"]
[Result "1-0"]
[WhiteElo "1880"]
[BlackElo "1783"]
[TimeControl "300"]
[EndTime "13:31:47 PDT"]
[Termination "grillage won by resignation"]

1. d4 d5 2. Nf3 Nf6 3. c4 dxc4 4.
e3 b5 5. a4 b4 6. Bxc4 e6 7.
O-O Be7 8. b3 Bb7 9. Bb2 O-O 10.
Nbd2 Nbd7 11. Rc1 c5 12. Qe2 Qb6 13. Rfd1 Ne4 14. Nxe4 Bxe4 15. Nd2 Bc6 16. Qg4 Nf6 17. Qg3 Qb8 18. Qxb8 Raxb8 19. dxc5 Nd7 20. Be2 Bxc5 21. Bf3 Bxf3 22. Nxf3 Rfd8 23. g3 Be7 24.
Rc7 Bf6 25. Rdxd7 Rxd7 26. Rxd7 Bxb2 27. Rxa7 Rc8 28. Rb7 Ba3 29. a5 Kf8 30. a6 Ke8 31. a7 1-0

[Event "Live Chess"]
[Site "Chess.com"]
[Date "2024.06.01"]
[Round "-"]
[White "Eva3337"]
[Black "ShanthamGrarks"]
[Result "0-1"]
[WhiteElo "1169"]
[BlackElo "1820"]
[TimeControl "300"]
[EndTime "13:32:03 PDT"]
[Termination "ShanthamGrarks won by resignation"]

1. e4 d5 2. exd5 Qxd5 3. d3 Nc6 4. Nc3 Qa5 5. Bd2 Qb6 6. Nd5 Qxb2 7. Bc3 Qa3 8. Qd2 Qd6 9. a3 e6 10. Nb4 Nxb4 11.
Bxb4 Qd4 12. Bxf8 Qxa1+ 0-1

[Event "Live Chess"]
[Site "Chess.com"]
[Date "2024.06.01"]
[Round "-"]
[White "ACM42"]
[Black "alicechristina"]
[Result "0-1"]
[WhiteElo "2154"]
[BlackElo "1970"]
[TimeControl "300"]
[EndTime "13:32:15 PDT"]
[Termination "alicechristina won on time"]

1. e4 e5 2. Nf3 Nf6 3. Nxe5 d6 4.
Nf3 Nxe4 5. d3 Nf6 6. d4 d5 7. Bd3 Bd6 8. O-O O-O 9. Nbd2 Bg4 10. h3 Bh5 11. b3 Nbd7 12. Bb2 Re8 13. c4 dxc4 14.
bxc4 Bb4 15. Qc2 Nf8 16. a3 Bd6 17. Ne5 N8d7 18. Rae1 Bg6 19. Nxg6 hxg6 20. Nf3 Nh5 21. c5 Bf8 22. Qb3 Nf4 23. Bc4 Ne6 24. Bxe6 Rxe6 25.
Rxe6 fxe6 26. Qxe6+ Kh7 27. h4 Be7 28. Re1 Bf6 29. Bc1 Nf8 30. Qg4 Qd5 31. Bg5 Nd7 32.
Qe4 Qxe4 33. Rxe4 Rd8 34. g3 Kg8 35. Re6 Bxg5 36. Nxg5 Nf6 37. Re7 Rd7 38. Rxd7 Nxd7 39. Kg2 b6 40. c6 Nf6 41. Ne6 Nd5 42. Kf3 Kf7 43. Nf4 Ne7 44. d5 Kf6 45. Ke4 b5 46. Ne6 a5 47. Nxc7 b4 48. axb4 axb4 49. Nb5 Nc8 50. d6 Nb6 51. d7 Ke7 52. Nc3 bxc3 53. Kd3 Nd5 54. f4 Kd8 55. g4 Nxf4+ 56. Kxc3 Ng2 57. h5 gxh5 58. gxh5 Nf4 59. Kd4 Nxh5 60. Kc5 Kc7 0-1

[Event "Live Chess"]
[Site "Chess.com"]
[Date "2024.06.01"]
[Round "-"]
[White "Tushinskiy"]
[Black "imchessive"]
[Result "1-0"]
[WhiteElo "2268"]
[BlackElo "1593"]
[TimeControl "300"]
[EndTime "13:32:35 PDT"]
[Termination "Tushinskiy won by resignation"]

1. d4 f5 2. c3 d6 3. Nf3 Nf6 4.
Bf4 Nbd7 5. Bg3 g6 6. Nbd2 Bg7 7. e3 O-O 8. Bd3 Qe8 9. e4 fxe4 10. Nxe4 Nxe4 11. Bxe4 e5 12. dxe5 Nxe5 13. O-O Bg4 14. Qb3+ Kh8 15. Qxb7 Bxf3 16. gxf3 Rb8 17. Qxa7 Rxf3 18.
Bxf3 Nxf3+ 19. Kg2 Qa4 20. Qxa4 1-0

[Event "Live Chess"]
[Site "Chess.com"]
[Date "2024.06.01"]
[Round "-"]
[White "AlexanderMatlak"]
[Black "GEMdzq"]
[Result "0-1"]
[WhiteElo "2462"]
[BlackElo "2305"]
[TimeControl "300"]
[EndTime "13:33:00 PDT"]
[Termination "GEMdzq won by resignation"]

1. c4 Nf6 2. Nf3 c5 3. Nc3 Nc6 4. g3 d5 5. cxd5 Nxd5 6. Bg2 Nxc3 7. bxc3 e5 8. O-O Be7 9. Rb1 O-O 10. d3 Rb8 11. Be3 b6 12. Nd2 Bb7 13. Qa4 Na5 14. Bxb7 Rxb7 15. Nc4 Nxc4 16. Qxc4 Kh8 17. a4 f5 18. a5 f4 19. gxf4 exf4 20. Bxf4 b5 21. Qe4 Qd7 22. Bg3 Bf6 23. Rfc1 a6 24. d4 c4 25. e3 Qc8 26. Qg2 Bd8 27. Ra1 b4 28.
cxb4 Rxb4 29. d5 c3 30. e4 c2 31. f4 Rc4 32. e5 Qc5+ 33. Kh1 Bxa5 34. Ra2 Rc8 35. d6 Qd4 36. f5 Bd2 37. Raa1 Bxc1 38. Rxc1 Qd1+ 39. Qg1 Qf3+ 40. Qg2 Qxf5 41. Qd5 R4c5 42.
Qd2 Qe4+ 43. Kg1 Rd5 44. Qg5 Rd1+ 45. Kf2 Rf8+ 0-1

[Event "Live Chess"]
[Site "Chess.com"]
[Date "2024.06.01"]
[Round "-"]
[White "CCGoodKnightRookie"]
[Black "Silverback7829"]
[Result "1-0"]
[WhiteElo "2271"]
[BlackElo "980"]
[TimeControl "300"]
[EndTime "13:33:04 PDT"]
[Termination "CCGoodKnightRookie won by checkmate"]

1. d4 d5 2. Nc3 Nc6 3. Bf4 Nf6 4. Nb5 a6 5. Nxc7+ Kd7 6. Nxa8 Qa5+ 7. c3 Nb4 8. cxb4 Qxb4+ 9. Qd2 Qxd2+ 10. Bxd2 e6 11. Nb6+ Kc6 12. Nxc8 g6 13. Rc1+ Kd7 14. Nb6+ Ke7 15.
Rc7+ Kd8 16. Rc8+ Ke7 17. Bb4# 1-0

[Event "Live Chess"]
[Site "Chess.com"]
[Date "2024.06.01"]
[Round "-"]
[White "ProfPoisson"]
[Black "bonantagulo"]
[Result "0-1"]
[WhiteElo "1293"]
[BlackElo "2049"]
[TimeControl "300"]
[EndTime "13:33:12 PDT"]
[Termination "bonantagulo won by resignation"]

1. e4 c5 2. Nc3 e6 3. f4 Nc6 4. Nf3 d5 5. Bb5 Ne7 6. Bxc6+ Nxc6 7. exd5 exd5 8. O-O Be7 9. d4 O-O 10. dxc5 Bxc5+ 11. Kh1 Bg4 12. Qxd5 Qxd5 13. Nxd5 Rad8 14. c4 Nb4 15.
Nxb4 Bxf3 16. gxf3 Bxb4 17. a3 Bc5 18. b4 Bd4 19.
Rb1 Rfe8 20. Bb2 Re2 21. Bxd4 Rxd4 22. Rfe1 Rxe1+ 23. Rxe1 Kf8 24. c5 Rxf4 25. Kg2 Rc4 26. Re3 a5 27. Rb3 a4 28. Re3 f5 29. Kg3 f4+ 0-1

[Event "Live Chess"]
[Site "Chess.com"]
[Date "2024.06.01"]
[Round "-"]
[White "Brooms1989"]
[Black "kylet1990"]
[Result "1-0"]
[WhiteElo "1112"]
[BlackElo "738"]
[TimeControl "300"]
[EndTime "13:33:41 PDT"]
[Termination "Brooms1989 won on time"]

1. e4 c6 2. Nf3 d5 3. exd5 cxd5 4. Ne5 Bf5 5. Bb5+ Bd7 6. Qf3 Nf6 7. Bxd7+ Nbxd7 8. d4 Nxe5 9. dxe5 Nd7 10. Qxd5 e6 11.
Qe4 Bc5 12. O-O O-O 13. Be3 Bxe3 14. Qxe3 f5 15. Nc3 f4 16. Qe4 Nc5 17. Qe2 Qb6 18. b3 Qb4 19. Nd1 Qd4 20. c3 Qd7 21. Nb2 Rf5 22.
Rad1 Qc6 23. Rd6 Qc7 24. Rfd1 Qa5 25. b4 Qxa2 26. bxc5 Qa3 27. Rd8+ Rxd8 28. Rxd8+ Kf7 29. Rd7+ Kg6 30. Nc4 Qb3 31. Nd6 Qxc3 32. Nxf5 Qxc5 33. Nh4+ Kg5 34. Qf3 Kxh4 35. g3+ Kg5 36. Rxg7+ 1-0

[Event "Live Chess"]
[Site "Chess.com"]
[Date "2024.06.01"]
[Round "-"]
[White "RichardABates"]
[Black "booktrunk"]
[Result "1-0"]
[WhiteElo "2239"]
[BlackElo "1397"]
[TimeControl "300"]
[EndTime "13:33:51 PDT"]
[Termination "RichardABates won by resignation"]

1. d4 b6 2. e4 Bb7 3. Bd3 e6 4. Nf3 h6 5. O-O Nf6 6. e5 Nh7 7. Nc3 d6 8. Bf4 dxe5 9. dxe5 Be7 10. Bb5+ c6 11. Bd3 Ng5 12. Ne4 Nxf3+ 13. Qxf3 Nd7 14. Nd6+ Bxd6 15. exd6 Nf6 16. Be5 Rb8 17. Rad1 Rc8 18. c4 Qd7 19. Bxf6 gxf6 20. Qxf6 Rg8 21. Be4 Rd8 22.
g3 c5 23. Qe7+ Qxe7 24. dxe7 Rxd1 25. Rxd1 Bxe4 26. Rd8+ Kxe7 27. Rxg8 h5 28. h4 Bg6 29. f3 Kd7 30. g4 hxg4 31. fxg4 Kc7 32. Rxg6 fxg6 33. h5 gxh5 34. gxh5 1-0

[Event "Live Chess"]
[Site "Chess.com"]
[Date "2024.06.01"]
[Round "-"]
[White "Crowded_House"]
[Black "FMOlexandrProhorov"]
[Result "0-1"]
[WhiteElo "1737"]
[BlackElo "2341"]
[TimeControl "300"]
[EndTime "13:33:53 PDT"]
[Termination "FMOlexandrProhorov won by checkmate"]

1. d4 g6 2. Bg5 c5 3. c3 cxd4 4. Qxd4 Nf6 5. Bxf6 exf6 6. Nf3 Bg7 7. Qe4+ Kf8 8. e3 Nc6 9. Nbd2 f5 10. Qc2 Bf6 11. Bc4 Kg7 12. O-O d5 13. Bd3 Be6 14. Nd4 Re8 15. N2b3 Qd6 16. Nb5 Qb8 17. N5d4 a6 18.
Nc5 Bc8 19. Nf3 Qd6 20. Nb3 b5 21. Nfd4 Ne5 22. Be2 Bb7 23. Nf3 Ng4 24. h3 Nh6 25.
Na5 Bc8 26. Nd4 f4 27. Qd2 Qe5 28. Nac6 Qg5 29. Kh1 fxe3 30. fxe3 Nf5 31. Nxf5+ Bxf5 32. Rf3 Be4 33. Rf2 Rac8 34. Nd4 Be5 35. Raf1 Qg3 36. Rxf7+ Kh6 37. Kg1 Qxg2# 0-1

[Event "Live Chess"]
[Site "Chess.com"]
[Date "2024.06.01"]
[Round "-"]
[White "BostonStrangler"]
[Black "Delacorta"]
[Result "1-0"]
[WhiteElo "2145"]
[BlackElo "1564"]
[TimeControl "300"]
[EndTime "13:33:53 PDT"]
[Termination "BostonStrangler won by resignation"]

1. Nf3 e6 2. g3 f5 3. d3 Nf6 4. Bg2 d5 5. O-O Bd6 6. Nbd2 O-O 7.
e4 fxe4 8. dxe4 dxe4 9. Ng5 e5 10. Ndxe4 Nxe4 11. Nxe4 Bf5 12. Qd5+ Kh8 13. Qxb7 Nd7 14. Nxd6 cxd6 15. Qxa8 Qxa8 16. Bxa8 Rxa8 17. c3 Bh3 18. Rd1 Nb6 19. Rxd6 Nc4 20. Rc6 Rd8 21. Bg5 1-0

[Event "Live Chess"]
[Site "Chess.com"]
[Date "2024.06.01"]
[Round "-"]
[White "oscalik"]
[Black "Zhevzh1k7"]
[Result "1-0"]
[WhiteElo "2340"]
[BlackElo "1099"]
[TimeControl "300"]
[EndTime "13:33:59 PDT"]
[Termination "oscalik won by resignation"]

1. e4 c6 2. Nc3 d5 3. Qf3 dxe4 4. Nxe4 Nd7 5. b3 Ngf6 6. Bb2 Qb6 7. O-O-O e5 8. Nxf6+ Nxf6 9. Bxe5 Be7 10. h3 Qa5 11. Bb2 Qxa2 12. g4 Ba3 13. Re1+ Be6 14. Kd1 Qxb2 15. Bc4 Qb1+ 16. Ke2 Bxc4+ 17. bxc4 Qxc2 18.
Qxa3 Qe4+ 19. Kf1 Qxe1+ 20. Kxe1 a5 21. Nf3 b6 22. Kd1 Ne4 23. Re1 f5 24. d3 fxg4 25.
Rxe4+ Kd7 26. Qe7+ 1-0

[Event "Live Chess"]
[Site "Chess.com"]
[Date "2024.06.01"]
[Round "-"]
[White "koekoekoe"]
[Black "Pandreq"]
[Result "0-1"]
[WhiteElo "2026"]
[BlackElo "1152"]
[TimeControl "300"]
[EndTime "13:34:09 PDT"]
[Termination "Pandreq won by checkmate"]

1. d4 d5 2. Bf4 c6 3. e3 Nf6 4. c4 Bf5 5. Nc3 e6 6. Nf3 Bb4 7. Be2 Nbd7 8. O-O O-O 9. Rc1 c5 10.
cxd5 Nxd5 11. Nxd5 exd5 12. dxc5 Bxc5 13. Qxd5 Be6 14.
Qxb7 Bxa2 15. Rfd1 Be6 16. Rxd7 Qxd7 17. Qxd7 Bxd7 18.
Rxc5 Rfc8 19. b4 a5 20. Bd6 Rxc5 21. Bxc5 a4 22. Bc4 a3 23. Nd2 a2 24. Bxa2 Rxa2 25. Nb3 Rb2 26. Kf1 Rxb3 27. Ke2 Bb5+ 28. Kf3 f6 29. h4 g6 30. g4 Kf7 31. Kf4 Ke6 32. e4 h6 33. h5 g5# 0-1

[Event "Live Chess"]
[Site "Chess.com"]
[Date "2024.06.01"]
[Round "-"]
[White "peteopeteo"]
[Black "GwaryTek"]
[Result "0-1"]
[WhiteElo "1582"]
[BlackElo "1928"]
[TimeControl "300"]
[EndTime "13:34:15 PDT"]
[Termination "GwaryTek won by resignation"]

1. e4 Nf6 2. Nc3 d5 3. exd5 Nxd5 4. Nxd5 Qxd5 5. Qf3 c6 6. b3 Qe5+ 7. Ne2 Qxa1 8. g3 Qf6 9. Bg2 Qxf3 10. Bxf3 Bf5 11.
Nd4 Bg6 12. O-O e5 13. Ne2 Bxc2 14. Bb2 f6 15. Rc1 Bg6 16. h4 Nd7 17. d4 e4 18. Bg4 f5 19. Bh3 Bd6 20. h5 Bxh5 21. Nc3 g6 22. g4 fxg4 23. Nxe4 Bf4 24. Bg2 Bxc1 25. Bxc1 O-O-O 26. Nd6+ Kb8 27. Bf4 Ka8 28. d5 c5 29. Nf7 Rhf8 30. Nxd8 Rxd8 31. d6 Kb8 32.
Bd5 Rf8 33. Be3 Nf6 34. Bc4 Ne4 35. Bd3 Nxd6 36. Bxc5 Rd8 37. Be3 g3 38. Bf4 gxf2+ 39.
Kxf2 Bg4 40. Kg3 Bf5 41. Bc4 Kc8 42. Be2 Ne4+ 43. Kg2 Kd7 44. Bg5 Nxg5 0-1

[Event "Live Chess"]
[Site "Chess.com"]
[Date "2024.06.01"]
[Round "-"]
[White "Ferrarifan27"]
[Black "DoctorMantisTobogganMD"]
[Result "0-1"]
[WhiteElo "2062"]
[BlackElo "2175"]
[TimeControl "300"]
[EndTime "13:34:18 PDT"]
[Termination "DoctorMantisTobogganMD won by checkmate"]

1. e4 c6 2. d4 g6 3. Nf3 Bg7 4.
Nc3 d5 5. e5 Bg4 6. h3 Bxf3 7.
Qxf3 f6 8. exf6 Nxf6 9. Bd3 O-O 10. O-O Ne4 11. Qg4 Nxc3 12. bxc3 Nd7 13. Qe6+ Kh8 14. Bg5 Bf6 15. Bh6 Bg7 16. Bxg7+ Kxg7 17. Rfe1 Rf7 18. Rab1 Rb8 19. h4 Nf6 20. c4 Qd6 21. cxd5 Nxd5 22. g3 Qxe6 23. Rxe6 Rf6 24. Rbe1 Rxe6 25. Rxe6 Kf7 26.
Re1 b5 27. h5 a5 28. hxg6+ hxg6 29. Kg2 Kf6 30. Rh1 Kg7 31. Be4 Rc8 32. Rh4 Nf6 33. Bd3 b4 34. Rh1 c5 35. dxc5 Rxc5 36. Re1 e5 37. f4 e4 38. Bxe4 Nxe4 39. Rxe4 Rxc2+ 40. Kf3 Rxa2 41. Kg4 Kf6 42. Rc4 b3 43. Rc6+ Kf7 44.
Kg5 a4 45. Rc7+ Ke6 46. Kxg6 b2 47. f5+ Kd6 48. Rb7 a3 49. f6 Ra1 50. f7 Rf1 51. Kg7 a2 52. f8=Q+ Rxf8 53. Kxf8 b1=Q 54. Rxb1 axb1=Q 55. g4 Ke6 56. g5 Qf5+ 57. Ke8 Qf7+ 58. Kd8 Qd7# 0-1

[Event "Live Chess"]
[Site "Chess.com"]
[Date "2024.06.01"]
[Round "-"]
[White "StoreySniper"]
[Black "upoe610"]
[Result "1-0"]
[WhiteElo "2534"]
[BlackElo "2233"]
[TimeControl "300"]
[EndTime "13:34:35 PDT"]
[Termination "StoreySniper won by resignation"]

1. c4 c5 2. g3 Nc6 3. Bg2 g6 4. Nc3 Bg7 5. Nf3 e5 6. d3 d6 7. Rb1 Nge7 8. h4 h5 9. Ng5 O-O 10. a3 a5 11. Bd2 f6 12. Nge4 Kh7 13. Nb5 Nf5 14. Bh3 Nce7 15. g4 hxg4 16. Bxg4 d5 17.
Nxc5 dxc4 18. h5 Qd5 19. hxg6+ Kg8 20. e4 Qxc5 21. Bxf5 Nxf5 22. exf5 Qxb5 23. Qh5 Re8 24. Qh7+ Kf8 25. Bh6 Qd7 26. Qh8+ Ke7 27. Qxg7+ Kd6 28. Qxf6+ Kc7 29. Be3 Qxf5 30. Rh7+ Bd7 31. Qxf5 1-0